Map: Amphion LE

Players

WeAreLegion

  • Race: Terran Terran
  • League: Silver
  • Spawn Location: 7:00

A.I. 1 (Elite) - Winner!

  • Race: Protoss Protoss
  • Spawn Location: 11:00

VOD

Have the link to the VOD?

Description

Time

  • Played on: Dec. 2, 2024, 8:54 p.m.
  • Length: 5:15
Show
View Real Time Build Order
Export as new Build Order

WeAreLegion Terran 

Build Orders: 2 Factory, Reaper Expand 

Get SALT Encoding   

  12  0:00  SCV  
  13  0:12  SCV  
  14  0:18  Supply Depot  
  14  0:24  SCV  
  15  0:39  SCV  
  15  0:40  Barracks  
  16  1:03  Barracks  
  16  1:07  Refinery  
  16  1:08  SCV  
  17  1:20  SCV  
  18  1:32  SCV  
  19  1:51  Orbital Command  
  19  1:53  Reaper  
  20  1:58  Command Center  
  20  2:03  Supply Depot  
  20  2:16  SCV  
  21  2:24  Marine  
  21  2:28  SCV  
  23  2:40  SCV  
  24  2:47  Factory  
  24  2:52  SCV, Factory  
  24  2:57  Marine  
  26  3:04  SCV  
  27  3:07  Refinery  
  27  3:13  Orbital Command  
  27  3:16  SCV  
  27  3:18  Supply Depot  
  28  3:28  SCV  
  29  3:40  Barracks Reactor  
  29  3:41  SCV  
  30  3:42  Factory Tech Lab  
  30  3:45  SCV  
  31  3:53  SCV  
  32  3:57  SCV  
  32  4:01  Starport  
  33  4:05  SCV  
  33  4:09  SCV  
  35  4:13  Barracks  
  35  4:14  Barracks  
  35  4:17  SCV  
  35  4:18  Marine x2  
  35  4:19  Siege Tank  
  35  4:21  SCV  
  42  4:29  SCV  
  43  4:34  SCV  
  43  4:36  Marine x2  
  46  4:39  Medivac  
  46  4:41  SCV  
  49  4:46  SCV  
  49  4:52  Widow Mine  
  52  4:53  SCV  
  52  4:54  Marine  
  54  5:01  Supply Depot  
Show
View Real Time Build Order
Export as new Build Order

A.I. 1 (Elite) Protoss - Winner!

Build Orders:  

Get SALT Encoding   

  12  0:00  Probe  
  13  0:13  Probe  
  14  0:21  Pylon  
  14  0:25  Probe  
  15  0:35  Probe  
  16  0:43  Probe  
  16  0:48  Assimilator  
  17  0:50  Gateway  
  17  0:52  Probe  
  18  1:00  Probe  
  18  1:01  Pylon  
  18  1:08  Probe  
  20  1:19  Probe  
  21  1:31  Probe  
  22  1:39  Zealot  
  24  1:41  Cybernetics Core  
  24  1:43  Probe  
  25  2:01  Nexus  
  25  2:13  Gateway  
  25  2:15  Zealot  
  25  2:19  Pylon  
  25  2:27  Probe  
  28  2:30  Warp Gate  
  27  2:39  Probe  
  27  2:42  Assimilator  
  28  2:47  Adept  
  30  2:51  Probe  
  30  2:54  Adept  
  31  3:04  Probe  
  34  3:08  Pylon  
  34  3:10  Stalker  
  34  3:13  Probe  
  34  3:16  Probe  
  38  3:25  Probe  
  39  3:28  Probe  
  40  3:38  Probe  
  40  3:40  Robotics Facility, Probe  
  42  3:43  Adept  
  44  3:50  Adept, Probe  
  44  3:52  Probe  
  48  4:02  Probe  
  49  4:04  Probe  
  50  4:10  Probe  
  50  4:12  Pylon  
  50  4:13  Adept  
  50  4:16  Probe  
  54  4:19  Probe  
  55  4:27  Immortal  
  55  4:28  Stalker, Probe  
  62  4:31  Probe  
  62  4:33  Pylon  
  63  4:40  Probe  
  63  4:43  Probe  
  65  4:47  Stalker  
  65  4:49  Robotics Facility  
  65  4:51  Stalker  
  70  4:52  Probe  
  70  5:01  Probe  
  76  5:07  Pylon  
  76  5:12  Pylon  
Tags
 
League
Silver
Matchup
PvT
Replay Pack
December
Spawn Locations
Close Positions
Add a new tag
Caveats
  • Supply blocks, unpowered buildings, or Contaminate may cause inaccurate times.
  • Supply counts are checked every 10 seconds.